 Dungeon Crawl Stone Soup version 0.31-a0-473-g61b50ae490 (webtiles) character file.

Game seed: 5602787624047456951

156 MisterAzrael the Slasher (level 5, -2/46 HPs)
             Began as a Minotaur Fighter on Aug 7, 2023.
             Slain by a gnoll
             ... wielding a +0 halberd
              (6 damage)
             ... on level 3 of the Dungeon.
             The game lasted 00:01:42 (1947 turns).

MisterAzrael the Slasher (Minotaur Fighter)         Turns: 1947, Time: 00:01:43

Health: -2/46      AC:  7    Str: 22    XL:     5   Next: 14%
Magic:  4/4        EV:  9    Int:  5    God:
Gold:   103        SH:  4    Dex: 10    Spells: 4/4 levels left

rFire   + . .        a - +0 long sword
rCold   + . .        c - +0 buckler
rNeg    . . .        b - +0 scale mail
rPois   +            (helmet restricted)
rElec   +            (no cloak)
rCorr   +            (no gloves)
SInv    .            (no boots)
Will    .....        (no amulet) Stlth
                     (no ring)
HPRegen 0.27/turn    (no ring)
MPRegen 0.09/turn

%: no passive effects
@: resistant
A: horns 2, retaliatory headbutt
a: no special abilities


You were on level 3 of the Dungeon.
You visited 1 branch of the dungeon, and saw 3 of its levels.

You collected 103 gold pieces.

Inventory:

Hand Weapons
 a - a +0 long sword (weapon)
Armour
 b - a +0 scale mail (worn)
 c - a +0 buckler (worn)
Scrolls
 f - a scroll of silence {unknown}
 g - a scroll of teleportation {unknown}
 h - a scroll of identify {unknown}
 i - a scroll of fog {unknown}
 j - a scroll of enchant weapon {unknown}
 k - a scroll of enchant armour {unknown}
 l - a scroll of poison {unknown}


   Skills:
 - Level 4.0 Fighting
 + Level 5.9 Long Blades
 - Level 3.9 Armour
 - Level 3.9 Shields


You had 4 spell levels left.
You didn't know any spells.
Your spell library was empty.

Dungeon Overview and Level Annotations

Branches:
Dungeon (3/15)

Altars:


Innate Abilities, Weirdness & Mutations

You have a pair of horns on your head.
You reflexively headbutt those who attack you in melee.


Message History

Found 5 stones.
A gnoll comes into view. It is wielding a +0 spear.
The gnoll shouts!
Found a stone staircase leading up.
A gnoll comes into view. It is wielding a +0 flail.
A gnoll comes into view. It is wielding a +0 halberd.
A gnoll comes into view. It is wielding a +0 halberd.
The gnoll shouts! x2; You hear a shout!
A quokka comes into view.
Found 18 gold pieces.
A hobgoblin comes into view.
The gnoll hits you but does no damage.
The quokka moves out of view.
You hit the gnoll.
The gnoll is moderately wounded.
The gnoll hits you but does no damage.
You hit the gnoll. Your headbutt misses the gnoll.
The gnoll is severely wounded.
The gnoll closely misses you. The gnoll barely misses you.
You closely miss the gnoll.
The gnoll is severely wounded.
The gnoll hits you with a +0 flail.
The gnoll hits you from afar with a +0 halberd!
The gnoll barely misses you. The gnoll completely misses you.
You barely miss the gnoll.
The gnoll is severely wounded.
The gnoll hits you with a +0 flail! The gnoll closely misses you.
The hobgoblin barely misses you. The gnoll closely misses you. x3
The gnoll hits you from afar with a +0 halberd.
The hobgoblin hits you but does no damage.
The gnoll hits you with a +0 flail.
* * * LOW HITPOINT WARNING * * *
The gnoll hits you from afar with a +0 halberd!
* * * LOW HITPOINT WARNING * * *
You are too injured to fight recklessly!
It was a potion of resistance.
You feel protected. You block the gnoll's attack. The gnoll barely misses you.
You block the hobgoblin's attack.
The gnoll hits you from afar with a +0 halberd.
You die...

.... ..# ...### ..# ...
..#.. ...#
###..###.#.##...##.
.............#......
#.......#.....g....$ #.
#..#........ggg..... #>
#..#.....#..@##...
#.###.##.....#...gr.....
.....>##.......#####<.##
#...#.#......#####... ..
#.....)..............
....#)#.###..#####..#
#..........#....##..
#..........#........
...|.......#........


You could see 4 gnolls, a quokka and a hobgoblin.

Vanquished Creatures
  An orc priest (D:3)
  Natasha (thrice) (D:2)
  2 orcs (D:3)
  4 ball pythons
  7 bats
  4 endoplasms
  8 giant cockroaches
  2 goblins (D:2)
  3 hobgoblins (D:1)
  2 quokkas
  3 frilled lizards
  4 kobolds
  5 rats
48 creatures vanquished.

Notes
Turn   | Place    | Note
-------+----------+-------------------------------------------
     0 | D:1      | MisterAzrael the Minotaur Fighter began the quest for the
                  | Orb.
     0 | D:1      | Reached XP level 1. HP: 19/19 MP: 0/0
   153 | D:1      | Reached XP level 2. HP: 27/27 MP: 1/1
   721 | D:2      | Noticed Natasha
   734 | D:2      | Killed Natasha
   735 | D:2      | Reached skill level 3 in Long Blades
   735 | D:2      | Reached XP level 3. HP: 4/33 MP: 2/2
   876 | D:2      | Noticed Natasha
   885 | D:2      | Killed Natasha
   886 | D:2      | Reached skill level 4 in Long Blades
   886 | D:2      | Reached XP level 4. HP: 29/40 MP: 3/3
   892 | D:2      | Noticed Natasha
   901 | D:2      | Killed Natasha
   902 | D:2      | Reached skill level 5 in Long Blades
  1825 | D:3      | Reached XP level 5. HP: 32/46 MP: 4/4
  1947 | D:3      | Slain by a gnoll

Illustrated notes

Levels and vault maps discovered:
D:1:      sevenhm_arrival_forest_fort_large_4, layout_basic,
          minmay_misc_feat_chi, minivault_25
D:2:      layout_basic, minmay_worlds_worst_comb, uniq_natasha
D:3:      layout_rooms, shapermc_ecumenical_altar_pompeii,
          uniq_crazy_yiuf_cottage

Skill      XL: |  1  2  3  4 |
---------------+-------------+-----
Fighting       | 4 |  4.0
Long Blades    | 3 4 5 |  5.9
Armour         | |  3.9
Shields        | |  3.9

Action                     |  1- 3 |  4- 6 || total
---------------------------+-------+-------++-------
  Melee: Long sword        |    63 |    62 ||   125
         Headbutt          |     7 |     8 ||    15
    Use: Potion            |     1 |     2 ||     3
 Armour: Scale mail        |    39 |    26 ||    65
         Skin              |     1 |       ||     1
  Dodge: Dodged            |    35 |    38 ||    73
  Block: Buckler           |    15 |    12 ||    27

Table legend: (Time is in decaauts)
 A = Elapsed time spent in this place.
 B = Non-inter-level travel time spent in this place.
 C = Inter-level travel time spent in this place.
 D = Time resting spent in this place.
 E = Time spent auto-exploring this place.
 F = Levels seen in this place.
 G = Mean time per level.
                   A        B        C        D        E       F      G
               +--------+--------+--------+--------+--------+-----+--------+
         Total |   1980 |   1898 |     82 |    312 |   1289 |   3 |  660.0 |
       Dungeon |   1980 |   1898 |     82 |    312 |   1289 |   3 |  660.0 |
               +--------+--------+--------+--------+--------+-----+--------+

Top non-repeatable levels by time:
     D:2: 1099 daAuts
     D:1: 734 daAuts
     D:3: 147 daAuts
